AoeStats
← bigusdickus

Arabia

510162347Analyzed
1v1 RM · 2d ago on Sep 29, 2026· 73m 46s· 2 players
Game mode
Random Map
Map size
Tiny (2 player)
Population
200
Speed
Normal
Resources
Standard
Victory
Conquest
Starting age
Dark Age
Ending age
Imperial Age
RankedLock teamsTeams togetherTeam positionsShared explorationLock speedFull tech treeHidden civsTurbo modeCheats
Victory
Defeat
🇳🇿 Chinese · New Zealand
406
+18
🇦🇷 Bohemians · Argentina
449
-18
bigusdickus
0:49 Loom
15:36 Feudal Age
16:05 Town Watch
16:57 Wheelbarrow
16:15 Man-at-Arms
16:41 Arson
17:08 Double-Bit Axe
17:23 Horse Collar
19:00 Stone Mining
19:49 Gold Mining
23:38 Fletching
23:59 Forging
23:51 Padded Archer Armor
23:52 Scale Mail Armor
33:23 Castle Age
34:21 Bow Saw
33:34 Long Swordsman
33:37 Crossbowman
34:19 Squires
33:43 Pikeman
34:55 Thumb Ring
34:11 Elite Skirmisher
35:52 Iron Casting
36:08 Chain Mail Armor
36:47 Bodkin Arrow
37:08 Leather Archer Armor
36:39 Elite Skirmisher
38:45 Town Patrol
40:56 Hand Cart
51:04 Imperial Age
49:14 Great Wall
51:49 Two-Handed Swordsman
51:51 Halberdier
52:58 Arbalester
54:51 Champion
58:25 Elite Fire Lancer
60:18 Ballistics
65:11 Blast Furnace
64:13 Guard Tower
66:50 Bracer
67:21 Plate Mail Armor
67:22 Ring Archer Armor
69:46 Gold Shaft Mining
69:47 Stone Shaft Mining
69:15 Heavy Plow
72:15 Chemistry
71:17 Murder Holes
gchingolani91
6:09 Loom
11:41 Feudal Age
12:38 Horse Collar
15:17 Double-Bit Axe
20:01 Fletching
27:13 Castle Age
26:06 Forging
27:37 Scale Mail Armor
31:15 Ballistics
31:56 Chemistry
30:54 Murder Holes
31:10 Masonry
31:10 Heavy Plow
32:58 Pikeman
33:39 Squires
35:40 Wheelbarrow
36:21 Iron Casting
36:02 Chain Mail Armor
35:43 Bodkin Arrow
41:00 Bodkin Arrow
42:56 Wagenburg Tactics
66:10 Imperial Age
66:28 Imperial Age
65:43 Demolition Ship
66:38 Medium Warships
68:02 Town Watch
67:56 Demolition Ship
68:17 Fishing Lines
Connection lost

Rejoining the realm…

Still unreachable

The connection could not be restored.

Session expired

The server has moved on; the page needs a fresh start.